 Dungeon Crawl Stone Soup version 0.16.2-12-gd0ad4c3 (webtiles) character file.

10779 faibistes the Thaumaturge (level 11, -1/64 HPs)
             Began as a Deep Elf Wizard on Feb 24, 2018.
             Was an Elder of Sif Muna.
             Slain by a sky beast (6 damage)
             ... on level 10 of the Dungeon.
             The game lasted 00:49:04 (14229 turns).

faibistes the Thaumaturge (Deep Elf Wizard)        Turns: 14229, Time: 00:49:04

Health: -1/64      AC:  9    Str:  4    XL:     11   Next: 40%
Magic:  18/43      EV: 16    Int: 27    God:    Sif Muna [****..]
Gold:   563        SH:  0    Dex: 13    Spells: 8 memorised, 14 levels left

rFire  . . .     SeeInvis .     N - +2 short sword (venom)
rCold  . . .     Clarity  .     H - +2 robe {Archmagi}
rNeg   . . .     SustAb   .     (no shield)
rPois  +         Gourm    .     b - +0 hat (curse)
rElec  .         Spirit   .     z - +0 cloak
rCorr  +         Warding  .     y - +0 pair of gloves
rMut   .         Stasis   .     Q - +2 pair of boots
MR     +....                    m - amulet of resist corrosion
Stlth  ++........               x - ring of poison resistance
                                E - ring of magical power

@: about to teleport, repel missiles, somewhat resistant to hostile
enchantments, unstealthy
A: no striking features
a: Channel Energy, Forget Spell, Renounce Religion


You were on level 10 of the Dungeon.
You worshipped Sif Muna.
Sif Muna was greatly pleased with you.
You were hungry.

You visited 1 branch of the dungeon, and saw 11 of its levels.
You also visited: Bailey.

You collected 563 gold pieces.

Inventory:

Hand weapons
 h - a -2 dagger
 j - a +0 short sword
 t - a +0 dagger
 N - a +2 short sword of venom (weapon)
 P - a +0 dagger of flaming
Armour
 b - a cursed +0 hat (worn)
 y - a +0 pair of gloves (worn)
 z - a +0 cloak (worn)
 H - a +2 robe of the Archmagi (worn)
 Q - a +2 pair of boots (worn)
Jewellery
 e - an uncursed ring of flight
 l - an uncursed ring of fire
 m - an amulet of resist corrosion (around neck)
 q - an uncursed ring of protection from magic
 x - a ring of poison resistance (right hand)
 E - a ring of magical power (left hand)
 K - a +4 ring of intelligence
Magical devices
 a - a wand of confusion (25)
 f - a wand of random effects (13)
 A - a wand of slowing (37)
 F - a wand of magic darts (13)
 I - a wand of random effects (30)
Scrolls
 n - 6 scrolls of teleportation
 B - 2 scrolls of identify
 O - a scroll of fog
 T - a scroll of remove curse
Potions
 g - 3 potions of brilliance
 i - 2 potions of berserk rage
 p - 2 potions of agility
 s - 2 potions of curing
 v - 3 potions of cancellation
 w - a potion of heal wounds
 D - a potion of might
 G - a potion of haste
 R - 2 potions of lignification
Books
 c - a book of Minor Magic

   Spells                             Type                      Level
   a - Magic Dart                     Conjuration                  1
   b - Blink                          Translocation                2
   c - Call Imp                       Summoning                    2
   d - Repel Missiles                 Charms/Air                   2
   e - Slow                           Hexes                        2
   f - Conjure Flame                  Conjuration/Fire             3
   g - Mephitic Cloud                 Conjuration/Poison/Air       3
 k - a book of Burglary

   Spells                             Type                      Level
   a - Swiftness                      Charms/Air                   2
   b - Passwall                       Transmutation/Earth          3
   c - Passage of Golubria            Translocation                4
   d - Lee's Rapid Deconstruction     Earth                        5
   e - Invisibility                   Hexes                        6
   f - Darkness                       Hexes                        7
 o - a book of Envenomations

   Spells                             Type                      Level
   a - Spider Form                    Transmutation/Poison         3
   b - Alistair's Intoxication        Transmutation/Poison         4
   c - Olgreb's Toxic Radiance        Poison                       4
   d - Poisonous Cloud                Conjuration/Poison/Air       6
 r - Sif Muna's Reference Book on Transmutation
   (You found it on level 7 of the Dungeon)

   Spells                             Type                      Level
   a - Beastly Appendage              Transmutation                1
 J - a book of Necromancy

   Spells                             Type                      Level
   a - Pain                           Necromancy                   1
   b - Animate Skeleton               Necromancy                   1
   c - Vampiric Draining              Necromancy                   3
   d - Regeneration                   Charms/Necromancy            3
   e - Animate Dead                   Necromancy                   4
   f - Control Undead                 Necromancy                   4
Miscellaneous
 M - a lantern of shadows
Comestibles
 d - 10 bread rations
 u - 11 fruits
 C - 4 meat rations
 L - a royal jelly
 U - a beef jerky


   Skills:
 + Level 5.2 Fighting
 + Level 8.0 Dodging
 - Level 2.4 Stealth
 * Level 12.3 Spellcasting
 + Level 6.0 Conjurations
 + Level 3.6 Charms
 - Level 3.7 Summonings
 - Level 3.5 Necromancy
 + Level 3.9 Translocations
 - Level 3.1 Transmutations
 + Level 4.0 Fire Magic
 - Level 3.6 Air Magic
 * Level 3.2 Earth Magic
 - Level 2.2 Poison Magic
 * Level 3.8 Invocations
 + Level 5.3 Evocations


You had 14 spell levels left.
You knew the following spells:

 Your Spells              Type           Power        Failure   Level  Hunger
a - Magic Dart            Conj           ####         1%          1    None
b - Conjure Flame         Conj/Fire      ######..     1%          3    None
c - Call Imp              Summ           ######..     1%          2    None
d - Blink                 Tloc           N/A          1%          2    None
e - Mephitic Cloud        Conj/Pois/Air  ######..     1%          3    None
f - Repel Missiles        Chrm/Air       ######       1%          2    None
g - Animate Dead          Necr           N/A          10%         4    None
h - Passwall              Trmt/Erth      ######....   2%          3    None


Dungeon Overview and Level Annotations

Branches:
Dungeon (11/15)            Temple (0/1) D:6            Lair (0/8) D:10
    Orc (0/4) D:9

Altars:
Ashenzari
Gozag
Nemelex Xobeh
Okawaru
Sif Muna
Trog
Vehumet
Xom
Yredelemnul
Zin
The Shining One

Shops:
D:6 (   D:8 (   D:9 :


Message History

The killer bee is engulfed in noxious fumes.
The killer bee appears confused.
The hound is engulfed in noxious fumes.
The killer bee barely misses your spiny frog zombie.
The killer bee is engulfed in noxious fumes.
The killer bee appears confused.
Your spiny frog zombie barely misses the killer bee.
The killer bee is engulfed in noxious fumes.
The killer bee appears confused.
The hound is engulfed in noxious fumes.
The hound appears confused.
The killer bee stings your spiny frog zombie.
The killer bee is engulfed in noxious fumes.
The killer bee appears confused.
The killer bee stings your spiny frog zombie.
Your spiny frog zombie completely misses the killer bee.
The hound is engulfed in noxious fumes.
The hound appears confused.
The hound closely misses the killer bee.
Something hits you.
* * * LOW HITPOINT WARNING * * *
Something shocks you.
You die...

... .......#
.........#
#.........#
#..r......#
###.....$...#..#
............#.#
.9.....>......#
..........@..#..
#........y.##.#
##......§§.#
#.##
##...y§§.§§#
#<##
#......§yh§#
##.##
#.........Zy#
#..#
..####.##..##
##..# #
#......###...#
#####...(§§.##


You could see a gargoyle, a hound (confused), 4 killer bees, a quokka
(wandering) and a friendly spiny frog zombie.

Vanquished Creatures
  A death yak (D:10)
  4 orc knights (Bailey)
  A cyclops (D:8)
  A spiny frog (D:10)
  Grinder (D:4)
  A blink frog (D:10)
  6 slime creatures (D:9)
  A spriggan (D:7)
  A hippogriff (D:8)
  9 yaks (D:9)
  A hungry ghost (D:5)
  Edmund (D:4)
  A sky beast (D:6)
  3 ogres
  Purgy (D:4)
  2 black bears (D:5)
  9 orc warriors
  3 centaurs (D:4)
  A crocodile (D:9)
  2 giant frogs (D:7)
  11 killer bees
  3 scorpions
  A yak zombie (D:9)
  5 wights (D:9)
  2 goliath beetles
  A giant frog zombie (D:7)
  7 orc priests
  2 jellies
  2 centaur zombies (D:4)
  2 hounds
  2 crimson imps
  Crazy Yiuf (D:4)
  A centaur skeleton (D:6)
  4 iguanas
  6 orc wizards
  6 worker ants
  Ijyb (D:4)
  A hound zombie (D:6)
  A mummy (D:8)
  3 hound skeletons
  2 worker ant zombies (D:7)
  23 gnolls
  9 adders
  A white imp (D:5)
  A shadow imp (D:9)
  A giant mite (D:4)
  An adder zombie (D:6)
  8 giant geckos
  An ooze (D:2)
  24 orcs
  19 bats
  A bat skeleton (D:8)
  A bat zombie (D:4)
  14 hobgoblins
  6 jackals
  4 quokkas
  2 ball pythons
  3 giant cockroaches
  A giant cockroach zombie (D:6)
  2 giant spores
  15 goblins
  A jackal skeleton (D:4)
  18 kobolds
  A kobold zombie (D:7)
  An orc zombie (D:9)
  A quokka zombie (D:4)
  18 rats
  A spectral orc (D:7)
  2 ballistomycetes
  A plant (D:4)
295 creatures vanquished.

Vanquished Creatures (collateral kills)
  An orc warrior (D:8)
  A phantom (D:8)
  3 killer bees
  3 wights (D:9)
  2 crimson imps
  A giant frog zombie (D:8)
  An orc wizard (D:5)
  A worker ant (D:8)
  2 gnolls (D:9)
  A shadow imp (D:9)
  An ooze (D:1)
  3 orcs (D:8)
  A giant cockroach (D:8)
  2 kobolds
  A kobold zombie (D:9)
  4 ballistomycetes (D:9)
28 creatures vanquished.

Vanquished Creatures (others)
  A blink frog zombie (D:10)
  2 yak zombies (D:9)
  A hippogriff zombie (D:8)
  A killer bee (D:8)
  A yak skeleton (D:9)
  2 killer bee zombies (D:8)
  A crocodile zombie (D:9)
  A goliath beetle zombie (D:8)
  An iguana zombie (D:8)
  An orc skeleton (D:9)
  A bat zombie (D:8)
  A giant cockroach zombie (D:8)
  An orc zombie (D:8)
15 creatures vanquished.

Grand Total: 338 creatures vanquished

Notes
Turn   | Place    | Note
--------------------------------------------------------------
     0 | D:1      | faibistes, the Deep Elf Wizard, began the quest for the Orb.
     0 | D:1      | Reached XP level 1. HP: 10/10 MP: 6/6
   306 | D:1      | Reached XP level 2. HP: 15/15 MP: 7/10
   342 | D:1      | Learned a level 2 spell: Blink
   345 | D:1      | Learned a level 2 spell: Call Imp
   758 | D:1      | Reached skill level 5 in Spellcasting
  1172 | D:1      | Reached XP level 3. HP: 19/19 MP: 6/14
  1177 | D:1      | Learned a level 3 spell: Conjure Flame
  1181 | D:1      | Learned a level 3 spell: Mephitic Cloud
  2190 | D:2      | Reached XP level 4. HP: 24/24 MP: 1/17
  2378 | D:2      | Learned a level 2 spell: Repel Missiles
  2931 | D:4      | Reached XP level 5. HP: 28/28 MP: 15/20
  2997 | D:3      | Reached skill level 6 in Spellcasting
  3486 | D:3      | Found a glowing silver altar of Zin.
  4029 | D:3      | Found an opulent altar of Gozag.
  4165 | D:4      | Noticed Ijyb
  4181 | D:4      | Killed Ijyb
  4318 | D:4      | Noticed a centaur
  4339 | D:4      | Killed a centaur
  4339 | D:4      | Reached skill level 1 in Fighting
  4339 | D:4      | Reached XP level 6. HP: 32/34 MP: 5/22
  4455 | D:4      | Noticed Crazy Yiuf
  4519 | D:4      | Killed Crazy Yiuf
  4725 | D:4      | Reached skill level 7 in Spellcasting
  5231 | D:4      | Reached skill level 1 in Evocations
  5260 | D:4      | Found a shimmering altar of Xom.
  5340 | D:4      | Reached XP level 7. HP: 38/38 MP: 20/25
  5376 | D:5      | Entered Level 5 of the Dungeon
  5477 | D:4      | Noticed a centaur
  5478 | D:4      | Noticed a centaur
  5508 | D:4      | Killed a centaur
  5627 | D:4      | Killed a centaur
  5627 | D:4      | Reached skill level 5 in Dodging
  5627 | D:4      | Reached skill level 8 in Spellcasting
  5750 | D:4      | Noticed Grinder
  5758 | D:4      | Killed Grinder
  6073 | D:4      | Noticed Edmund
  6087 | D:4      | Killed Edmund
  6087 | D:4      | Reached XP level 8. HP: 33/45 MP: 18/28
  6167 | D:4      | Noticed Purgy
  6180 | D:4      | Killed Purgy
  6280 | D:4      | Reached skill level 9 in Spellcasting
  6741 | D:5      | Found an iron altar of Okawaru.
  6813 | D:6      | Found a bloodstained altar of Trog.
  7317 | D:5      | Reached skill level 10 in Spellcasting
  7854 | D:6      | Reached XP level 9. HP: 46/52 MP: 12/30
  8039 | D:5      | Learned a level 4 spell: Animate Dead
  8132 | D:5      | Found a radiant altar of Vehumet.
  8132 | D:5      | Found a shattered altar of Ashenzari.
  8277 | D:7      | Found a deep blue altar of Sif Muna.
  8281 | D:7      | Became a worshipper of Sif Muna the Loreminder
  8344 | D:7      | Found a flagged portal.
  8359 | Bailey   | Entered a bailey
  8359 | Bailey   | Noticed an orc knight
  8360 | Bailey   | Noticed an orc knight
  8361 | Bailey   | Killed an orc knight
  8361 | Bailey   | Reached skill level 1 in Fire Magic
  8361 | Bailey   | Reached skill level 1 in Air Magic
  8363 | Bailey   | Reached skill level 1 in Poison Magic
  8363 | Bailey   | Killed an orc knight
  8363 | Bailey   | Acquired Sif Muna's first power
  8368 | Bailey   | Reached skill level 11 in Spellcasting
  8369 | Bailey   | Noticed an orc knight
  8373 | Bailey   | Killed an orc knight
  8373 | Bailey   | Acquired Sif Muna's second power
  8373 | Bailey   | Reached skill level 5 in Conjurations
  8373 | Bailey   | Reached XP level 10. HP: 49/58 MP: 18/32
  8378 | Bailey   | Noticed an orc knight
  8384 | Bailey   | Killed an orc knight
  8825 | D:7      | Learned a level 3 spell: Passwall
  9141 | D:6      | Found a glowing golden altar of the Shining One.
  9183 | D:6      | Found a staircase to the Ecumenical Temple.
  9368 | D:6      | Found Qoiwin's Antique Weapon Shoppe.
  9535 | D:6      | Reached skill level 1 in Charms
  9832 | D:7      | Reached skill level 1 in Transmutations
  9832 | D:7      | Reached skill level 1 in Invocations
 10045 | D:7      | Found a basalt altar of Yredelemnul.
 10225 | D:7      | Reached skill level 1 in Necromancy
 10298 | D:7      | Reached skill level 1 in Earth Magic
 10754 | D:7      | Identified Sif Muna's Reference Book on Transmutation
 11181 | D:8      | Noticed a cyclops
 11203 | D:8      | Killed a cyclops
 11377 | D:8      | Found Voresix's Weapon Shop.
 11892 | D:10     | Entered Level 10 of the Dungeon
 12003 | D:9      | Reached skill level 5 in Fighting
 12122 | D:9      | Reached XP level 11. HP: 33/63 MP: 18/33
 12600 | D:11     | Acquired Sif Muna's third power
 12627 | D:11     | Reached skill level 12 in Spellcasting
 13063 | D:9      | Reached skill level 5 in Evocations
 13222 | D:9      | Found Gutant's Book Shop.
 13268 | D:9      | Found a staircase to the Orcish Mines.
 13351 | D:9      | Found a sparkling altar of Nemelex Xobeh.
 14196 | D:10     | Noticed a death yak
 14218 | D:10     | Found a staircase to the Lair.
 14218 | D:10     | Killed a death yak
 14229 | D:10     | Slain by a sky beast

Action                   |  1- 3 |  4- 6 |  7- 9 | 10-12 || total
-------------------------+-------+-------+-------+-------++-------
Melee: Dagger            |       |     9 |     5 |    22 ||    36
       Short sword       |       |       |       |    91 ||    91
 Cast: Magic Dart        |    99 |   171 |   182 |   334 ||   786
       Call Imp          |     2 |       |     4 |       ||     6
       Blink             |     1 |       |     6 |     8 ||    15
       Conjure Flame     |     2 |    10 |    12 |    50 ||    74
       Mephitic Cloud    |     1 |    19 |    33 |    40 ||    93
       Repel Missiles    |       |     1 |       |       ||     1
       Animate Dead      |       |       |       |    18 ||    18
Invok: Channel Energy    |       |       |       |     6 ||     6
Evoke: Wand              |       |       |     6 |     5 ||    11
  Use: Scroll            |     1 |     4 |     3 |    12 ||    20
       Potion            |       |       |       |     2 ||     2
 Stab: Confused          |       |     2 |       |     3 ||     5
  Eat: Chunk             |     4 |     9 |    12 |    18 ||    43
